AoeStats
← xTc

Black Forest

511020454Analyzed
4v4 RM · 11h ago on Oct 3, 2026· 52m 30s· 8 players
Game mode
Random Map
Map size
Large (8 player)
Population
200
Speed
Normal
Resources
Standard
Victory
Conquest
Starting age
Dark Age
Ending age
Imperial Age
RankedLock teamsTeams togetherTeam positionsShared explorationLock speedFull tech treeHidden civsTurbo modeCheats
Victory
Defeat
🇨🇳 Gurjaras · China
834
+14
🇸🇦 Portuguese · Saudi Arabia
816
+15
🇻🇳 Franks · Vietnam
808
+15
🇨🇿 Bohemians · Czechia
838
-17
🇹🇷 Wu · Türkiye
800
-16
🇬🇧 Huns · United Kingdom
774
-14
🇩🇪 Saxons · Germany
771
-14
RaBsarge
7:30 Loom
12:35 Feudal Age
17:02 Castle Age
16:27 Horse Collar
16:40 Double-Bit Axe
20:17 Fervor
24:40 Wheelbarrow
25:16 Heavy Plow
27:36 Bow Saw
27:58 Fletching
32:40 Imperial Age
32:03 Chemistry
31:24 Ballistics
32:45 Houfnice
34:45 Forging
36:42 Two-Man Saw
36:10 Hand Cart
35:41 Town Watch
35:38 Crossbowman
35:39 Elite Skirmisher
35:51 Pikeman
36:31 Squires
36:16 Arson
40:25 Halberdier
44:49 Murder Holes
47:04 Scale Mail Armor
47:39 Iron Casting
47:01 Bodkin Arrow
47:07 Padded Archer Armor
47:12 Scale Barding Armor
Ramizpaşa
0:35 Loom
12:58 Feudal Age
13:22 Horse Collar
13:31 Double-Bit Axe
20:36 Castle Age
18:45 Stone Mining
18:46 Gold Mining
19:39 Fletching
20:00 Forging
19:51 Fishing Lines
20:35 Padded Archer Armor
29:48 Bodkin Arrow
30:07 Town Watch
30:45 Heavy Plow
31:09 Ballistics
31:56 Wheelbarrow
33:38 Red Cliffs Tactics
33:37 Gillnets
38:15 Imperial Age
36:47 Iron Casting
36:54 Husbandry
37:56 Leather Archer Armor
37:41 Scale Mail Armor
37:47 Scale Barding Armor
38:30 Pikeman
39:10 Squires
38:56 Arson
41:51 Conscription
42:43 Bracer
45:19 Sitting Tiger
51:09 Elite Fire Archer
52:04 Medium Warships
51:14 Demolition Ship
52:27 Chain Mail Armor
GrumpyNun
0:31 Loom
13:32 Feudal Age
20:40 Castle Age
18:35 Double-Bit Axe
18:47 Gold Mining
22:14 Caravan
22:39 Caravan
24:52 Wheelbarrow
24:02 Town Watch
32:14 Stone Mining
32:59 Gold Shaft Mining
32:43 Hand Cart
36:12 Imperial Age
34:23 Marauders
34:55 Bow Saw
35:15 Horse Collar
35:47 Fletching
36:08 Forging
36:03 Scale Barding Armor
35:56 Murder Holes
36:13 Masonry
36:45 Bloodlines
36:35 Husbandry
37:32 Squires
36:56 Pikeman
38:06 Heavy Plow
38:47 Iron Casting
38:11 Cavalier
39:18 Chain Barding Armor
40:32 Halberdier
41:55 Bodkin Arrow
43:00 Blast Furnace
42:18 Thumb Ring
42:39 Parthian Tactics
42:52 Scale Mail Armor
42:52 Bracer
43:28 Plate Barding Armor
43:17 Conscription
43:52 Ballistics
xxShacouxx
12:12 Feudal Age
13:34 Horse Collar
13:41 Double-Bit Axe
13:49 Gold Mining
13:50 Stone Mining
15:04 Wheelbarrow
21:38 Castle Age
20:24 Forging
20:14 Scale Mail Armor
20:21 Scale Barding Armor
20:07 Fletching
20:17 Padded Archer Armor
22:40 Heavy Plow
22:51 Bow Saw
23:19 Gold Shaft Mining
24:08 Hand Cart
26:07 Caravan
26:55 Squires
31:21 Iron Casting
31:02 Chain Mail Armor
33:56 Imperial Age
32:03 Pikeman
33:25 Leather Archer Armor
33:06 Bodkin Arrow
33:31 Chain Barding Armor
35:09 Elite Hearth Troop
36:49 Plate Mail Armor
38:28 Halberdier
41:43 Cranequins
41:44 Heavy Mounted Crossbowman
42:31 Thumb Ring
42:59 Ring Archer Armor
42:30 Bracer
44:20 Elite Varangian Guard
xTc
11:13 Feudal Age
16:25 Castle Age
24:19 Double-Bit Axe
24:15 Horse Collar
24:26 Gold Mining
28:08 Bow Saw
33:43 Imperial Age
33:48 Wheelbarrow
33:21 Heavy Plow
33:14 Stone Mining
36:37 Two-Man Saw
37:40 Elite Organ Gun
41:55 Elite Skirmisher
41:58 Capped Ram
42:07 Pikeman
觅桃豚
0:53 Loom
11:45 Feudal Age
13:29 Double-Bit Axe
13:26 Horse Collar
16:50 Castle Age
19:33 Wheelbarrow
29:17 Bow Saw
29:09 Heavy Plow
31:22 Fishing Lines
34:28 Imperial Age
32:13 Hand Cart
31:44 Town Watch
31:51 Fletching
32:11 Forging
32:07 Scale Barding Armor
32:03 Padded Archer Armor
32:03 Scale Mail Armor
32:05 Caravan
32:35 Coinage
31:56 Treadmill Crane
32:37 Ballistics
33:15 Town Patrol
33:08 Gillnets
34:01 Iron Casting
33:22 Gold Mining
33:25 Stone Mining
33:21 Light Cavalry
34:11 Bloodlines
34:01 Husbandry
34:29 Herbal Medicine
35:17 Chain Barding Armor
34:53 Bodkin Arrow
35:57 Gold Shaft Mining
35:57 Stone Shaft Mining
35:56 Crop Rotation
34:58 Elite Shrivamsha Rider
34:59 Hussar
35:00 Heavy Camel Rider
35:52 Kshatriyas
36:59 Plate Barding Armor
36:57 Banking
36:29 Bracer
38:20 Conscription
45:32 Frontier Guards
48:03 Hoardings
Peter Xavier
0:44 Loom
12:41 Feudal Age
13:23 Double-Bit Axe
18:35 Castle Age
17:02 Gold Mining
20:27 Caravan
21:06 Coinage
21:58 Stone Mining
22:49 Gold Shaft Mining
23:38 Bow Saw
23:16 Treadmill Crane
30:08 Imperial Age
27:30 Town Watch
28:26 Scale Barding Armor
29:57 Wheelbarrow
30:19 Husbandry
30:39 Fortified Wall
31:15 Hand Cart
30:48 Cavalier
32:36 Town Patrol
33:40 Chain Barding Armor
34:51 Forging
37:50 Chivalry
38:53 Chemistry
38:31 Plate Barding Armor
38:33 Iron Casting
37:29 Paladin
40:04 Hoardings
39:32 Murder Holes
41:01 Blast Furnace
42:03 Fletching
45:41 Masonry
45:52 Ballistics
我是厨子不是愚公,只会做饭不会易大山
0:30 Loom
10:33 Feudal Age
12:30 Double-Bit Axe
15:04 Wheelbarrow
17:54 Gold Mining
19:32 Stone Mining
21:45 Castle Age
21:30 Horse Collar
22:54 Bow Saw
22:51 Heavy Plow
24:10 Fervor
27:27 Fletching
28:18 Bodkin Arrow
31:18 Gold Shaft Mining
33:33 Imperial Age
32:29 Hand Cart
35:21 Two-Man Saw
34:25 Bracer
34:26 Padded Archer Armor
34:48 Treadmill Crane
35:29 Bombard Tower
36:57 Conscription
36:38 Artillery
37:39 Caravan
38:02 Caravan
40:44 Leather Archer Armor
43:16 Elite Janissary
45:51 Redemption
46:15 Ring Archer Armor
Connection lost

Rejoining the realm…

Still unreachable

The connection could not be restored.

Session expired

The server has moved on; the page needs a fresh start.